 Dungeon Crawl Stone Soup version 0.25.0-10-g039870ee82 (webtiles) character file.

Game seed: 3884602480298313666

456950 Flugkiller the Slayer (level 23, -24/248 HPs)
             Began as a Deep Dwarf Fighter on June 22, 2020.
             Was the Champion of Makhleb.
             Killed from afar by a Brimstone Fiend (50 damage)
             ... with damnation
             ... on level 15 of the Dungeon.
             The game lasted 00:25:49 (24731 turns).

Flugkiller the Slayer (Deep Dwarf Fighter)         Turns: 24731, Time: 00:25:49

Health: -24/248    AC: 35    Str: 28      XL:     23   Next: 0%
Magic:  19/19 (10) EV: 10    Int:  6 (9)  God:    Makhleb [******]
Gold:   6010       SH: 23    Dex: 12      Spells: 22/22 levels left

rFire    + . .     SeeInvis .   T - +9 broad axe (venom)
rCold    + . .     Gourm    .   V - +3 tower shield "Nottut" {rElec MR+ MP+9}
rNeg     + . .     Faith    +   a - +10 plate armour {ponderous}
rPois    .         Spirit   .   (no helmet)
rElec    +         Reflect  .   N - +2 cloak {Stlth+}
rCorr    .         Harm     .   i - +2 pair of gloves
MR       ++++.                  K - +1 pair of boots
Stlth    ..........             M - amulet of faith
HPRegen  0.00/turn              f - ring of protection from fire
MPRegen  0.16/turn              U - ring of Vepeif {*Corrode rElec rC+ EV+4 Slay+5}

@: non-regenerating, hasted, drained, very quick
A: damage resistance, heal wounds, hooves 1, blurry vision 1, deformed body,
deterioration 1, negative energy resistance 1, sense surroundings 3, screaming
1, weak 1, subdued magic 1, no regeneration
0: Orb of Zot
}: 3/15 runes: serpentine, barnacled, silver
a: Heal Wounds, Minor Destruction, Lesser Servant of Makhleb, Major Destruction,
Greater Servant of Makhleb, Renounce Religion


You were on level 15 of the Dungeon.
You worshipped Makhleb.
Makhleb was exalted by your worship.
You were not hungry.

You visited 8 branches of the dungeon, and saw 43 of its levels.
You also visited: Gauntlet and Ice Cave.

You collected 7059 gold pieces.
You spent 1049 gold pieces at shops.

Inventory:

Hand Weapons
 T - a +9 broad axe of venom (weapon)
   (You acquired it on level 14 of the Dungeon)
Missiles
 H - 5 throwing nets (quivered)
Armour
 a - a +10 plate armour of ponderousness (worn)
   (You found it on level 4 of the Shoals)
 i - a +2 pair of gloves (worn)
   (You found it on level 1 of the Dungeon)
 K - a +1 pair of boots (worn)
   (You found it on level 8 of the Dungeon)
 N - a +2 cloak of stealth (worn)
   (You found it in a Gauntlet)
 V - the +3 tower shield "Nottut" (worn) {rElec MR+ MP+9}
   (You took it off Mennas on level 5 of the Vaults)

   It insulates you from electricity.
   It affects your resistance to hostile enchantments.
   It affects your magic capacity (+9).
Jewellery
 f - a ring of protection from fire (left hand)
   (You bought it in a shop on level 5 of the Depths)
 m - an uncursed ring of protection from magic
   (You found it on level 15 of the Dungeon)
 o - an uncursed ring of poison resistance
   (You found it on level 1 of the Dungeon)
 u - an uncursed amulet of reflection
   (You took it off a hell knight on level 1 of the Depths)
 M - an amulet of faith (around neck)
   (You found it on level 4 of the Lair of Beasts)
 U - the ring of Vepeif (right hand) {*Corrode rElec rC+ EV+4 Slay+5}
   (You acquired it on level 14 of the Dungeon)

   [ring of evasion]

   It affects your evasion (+4).
   It affects your accuracy and damage with ranged weapons and melee attacks
   (+5).
   It protects you from cold.
   It insulates you from electricity.
   It may corrode you when you take damage.
Wands
 p - a wand of enslavement (3)
   (You found it on level 3 of the Dungeon)
 C - a wand of paralysis (30)
   (You found it on level 10 of the Dungeon)
 D - a wand of acid (15)
   (You found it on level 6 of the Dungeon)
 O - a wand of iceblast (29)
   (You found it on level 5 of the Dungeon)
Scrolls
 k - 2 scrolls of vulnerability
 r - 7 scrolls of identify
 t - 11 scrolls of teleportation
 x - 23 scrolls of remove curse
 y - a scroll of enchant armour
 z - 7 scrolls of blinking
 G - 4 scrolls of fog
 I - 7 scrolls of magic mapping
 P - 3 scrolls of immolation
 S - 5 scrolls of fear
Potions
 b - a potion of mutation
 g - 3 potions of flight
 j - 2 potions of ambrosia
 l - 3 potions of magic
 n - 3 potions of resistance
 q - 3 potions of curing
 s - a potion of berserk rage
 w - 8 potions of heal wounds
 F - 3 potions of lignification
 Q - 3 potions of cancellation
Miscellaneous
 E - a tin of tremorstones (3/3)
   (You found it on level 12 of the Dungeon)
Comestibles
 e - 32 rations


   Skills:
 * Level 23.4(22.1) Fighting
 - Level 18.0(16.8) Axes
 + Level 22.3(21.0) Armour
 - Level 15.0(13.9) Shields
 - Level 17.0(15.9) Invocations
 - Level 6.0(5.1) Evocations


You had 22 spell levels left.
You didn't know any spells.
Your spell library was empty.

Dungeon Overview and Level Annotations

Branches:
Dungeon (15/15)            Temple (1/1) D:5            Lair (4/6) D:11
 Shoals (4/4) Lair:4        Snake (4/4) Lair:2          Orc (0/2) D:12
 Vaults (5/5) D:14         Depths (5/5) D:15            Zot (5/5) Depths:5
  IceCv (visited)         Gauntlet (visited)
  Crypt: Vaults:2-3

Altars:
Ashenzari
Dithmenos
Fedhas
Gozag
Hepliaklqana
Makhleb
Okawaru
Qazlal
Trog
Uskayaw
Vehumet
Wu Jian
Xom
Yredelemnul
Zin
The Shining One

Shops:
D:4 :   D:5 *   D:7 *   D:9 (   Shoals:3 :   Snake:3 [[   Vaults:3 *
Depths:5 }=}

Portals:
Hell: Depths:1 Depths:4
Abyss: Depths:3
Pandemonium: Depths:5
Trove: D:12 (show slimy rune of Zot)

Annotations:
D:7 3 runed translucent doors, HoaS's ghost, novice MiGl
Lair:3 exclusion: 4 oklob plants


Innate Abilities, Weirdness & Mutations

You are resistant to damage.
You can heal yourself by infusing magical energy.
You resist negative energy. (rN+)
You passively map a large area around you.
You do not regenerate.
You have large cloven feet.
Scrolls take you a little longer to read.
Armour fits poorly on your strangely shaped body.
Your body sometimes deteriorates upon taking damage.
You occasionally shout uncontrollably at your foes.
You are weak. (Str -2)
Your spells are a little easier to cast, but a little less powerful.


Message History

The damnation engulfs the Brimstone Fiend.
The Brimstone Fiend completely resists.
You hit the Brimstone Fiend.
The Brimstone Fiend looks as sick as possible!
The Brimstone Fiend is severely wounded.
The Tzitzimitl gestures at you. The bolt of negative energy hits you!!
You partially resist.
You feel drained.
* * * LOW HITPOINT WARNING * * *
The Brimstone Fiend gestures at you.
The sphere of damnation explodes!
The damnation engulfs you!!!
* * * LOW HITPOINT WARNING * * *
The damnation engulfs the Brimstone Fiend.
The Brimstone Fiend completely resists.
You are too injured to fight recklessly!
You are too injured to fight recklessly!
Okay, then.
You feel yourself speed up. The Brimstone Fiend gestures at you.
The sphere of damnation explodes!
The damnation engulfs you!!!
You die...

#..............##..##..........
####.............###...#########.
................## ###.# ##
...#.............# ##..# ##
..............1..###...## ##.
........................# ####..
........................####.....
..............)..1...............
###............#@................
###.........#..................
#............#.......##......
##...........###......###..###
####.......#......#####.## #..##.
.##.............###.#.#.# ##.##.
............##.......)### #....
#........######.###.#.#######....
.........# ##..###.......#....


You could see a Tzitzimitl and a Brimstone Fiend (extremely poisoned).

Vanquished Creatures
  An orb of fire (Zot:5)
  Mennas (Vaults:5)
  An ancient lich (Depths:5)
  4 Killer Klowns
  Frederick (Vaults:5)
  A curse toe (Zot:2)
  3 golden dragons
  2 Tzitzimimeh
  10 tentacled monstrosities
  2 liches
  5 quicksilver dragons
  10 Orb Guardians (Zot:5)
  2 titans (Vaults:5)
  2 sphinxes
  10 death cobs
  Frances (Shoals:1)
  A draconian monk (Zot:2)
  9 storm dragons
  2 tengu reavers (Vaults:5)
  6 nagarajas
  7 shadow dragons
  9 fire giants
  3 frost giants
  A deep elf sorcerer (Vaults:5)
  10 draconian scorchers
  11 vault wardens
  3 deep elf elementalists (Vaults:5)
  3 draconian knights (Zot:2)
  2 draconian stormcallers (Zot:4)
  A draconian shifter (Zot:1)
  A juggernaut zombie (Depths:1)
  A balrug (Depths:1)
  2 spriggan defenders (Depths:4)
  7 ironheart preservers
  An entropy weaver (Vaults:5)
  2 draconian annihilators
  A vampire knight (Depths:2)
  10 stone giants
  5 very ugly things
  3 deep elf annihilators
  3 deep elf demonologists
  5 green draconians
  4 red draconians
  6 black draconians
  14 yellow draconians
  A minotaur (Gauntlet)
  A dire elephant (shapeshifter) (Vaults:5)
  4 purple draconians
  9 white draconians
  7 spark wasps
  A crystal guardian (Vaults:4)
  3 merfolk javelineers (Shoals:4)
  2 pale draconians (Depths:5)
  7 ettins
  4 deep elf death magi
  7 merfolk impalers (Shoals:4)
  10 yaktaur captains
  5 great orbs of eyes
  6 ogre magi
  7 fire dragons
  5 deep elf high priests
  5 hydras
  7 ice dragons
  Harold (D:11)
  2 spriggan air magi
  5 naga warriors
  26 vault guards
  11 anacondas
  3 merfolk aquamancers (Shoals:4)
  4 alligator snapping turtles (Shoals:4)
  3 centaur warriors
  2 rakshasas
  26 two-headed ogres
  3 death knights
  8 deep troll shamans
  A dancing weapon (Vaults:5)
  A queen ant (shapeshifter) (Vaults:5)
  5 tengu warriors
  A vampire mage (Depths:3)
  5 deep troll earth magi
  5 shock serpents
  6 naga sharpshooters
  6 deep elf knights
  4 spriggan berserkers
  Sonja (D:11)
  A storm dragon zombie (Vaults:5)
  2 spriggans
  20 hell knights
  3 salamander mystics
  2 sun demons (Depths:1)
  A fire crab (shapeshifter) (Vaults:5)
  2 iron trolls (Depths:1)
  A soul eater (D:15)
  9 skeletal warriors
  8 sea snakes
  3 unseen horrors
  A death drake (shapeshifter) (Vaults:5)
  2 flayed ghosts
  3 naga ritualists (Snake:4)
  2 gelid demonspawn (Zot:2)
  12 deep trolls
  A wizard (Depths:1)
  A tengu zombie (Vaults:5)
  4 deep elf archers
  Pikel (D:4)
  A frost giant zombie (Vaults:5)
  A phantasmal warrior (Vaults:5)
  A glowing orange brain (Depths:5)
  3 orc knights
  9 necromancers
  2 wolf spider zombies
  8 ironbrand convokers
  5 mana vipers
  2 mana vipers (shapeshifter)
  4 cyclopes
  2 orb spiders (shapeshifter)
  12 deep elf magi
  20 ugly things
  2 sphinx skeletons
  A shadow dragon skeleton (Vaults:3)
  2 oklob plants (D:11)
  11 manticores
  8 moths of wrath
  A fire giant zombie (Depths:1)
  A stone giant skeleton (Depths:1)
  9 salamanders
  7 naga magi
  2 frost giant skeletons
  A guardian serpent (Snake:3)
  3 merfolk sirens
  2 water nymphs (Shoals:4)
  14 black mambas
  A fire giant skeleton (Depths:1)
  Psyche (D:8)
  8 vault sentinels
  3 spiny frogs
  2 gargoyles
  A rime drake (shapeshifter) (Vaults:3)
  21 yaktaurs
  4 komodo dragons
  2 efreet
  3 freezing wraiths
  A yaktaur skeleton (Vaults:5)
  A rime drake (Lair:4)
  17 merfolk
  An ice devil (Zot:2)
  A queen bee (shapeshifter) (Vaults:5)
  3 tengu conjurers
  6 trolls
  4 hornets
  A troll (shapeshifter) (D:12)
  A polar bear (shapeshifter) (Depths:1)
  2 wind drakes
  4 slime creatures (D:13)
  Prince Ribbit (D:8)
  A slime creature (shapeshifter) (Vaults:5)
  3 hippogriffs
  A meliai zombie (D:14)
  11 blink frogs
  An elf skeleton (Vaults:5)
  An ettin skeleton (Vaults:5)
  4 snapping turtles
  4 redbacks (Vaults:5)
  A shadow (D:14)
  16 yaks
  3 steam dragons (Depths:5)
  6 small abominations
  5 hungry ghosts
  3 wraiths
  A vampire (D:13)
  3 wyverns
  3 fire elementals (Gauntlet)
  A hog (shapeshifter) (Depths:2)
  2 water elementals
  A yaktaur simulacrum (Vaults:5)
  Grum (Lair:1)
  3 large abominations
  5 vampire mosquitoes
  5 acid dragons
  39 nagas
  An ogre zombie (Vaults:1)
  10 water moccasins
  8 porcupines
  A deep troll skeleton (Vaults:5)
  3 hell hounds (Gauntlet)
  An eye of draining (D:15)
  6 ice beasts (IceCv)
  5 sky beasts
  A slave (D:4)
  A black bear (D:13)
  9 orc warriors
  An ice beast (shapeshifter) (Depths:4)
  An ettin simulacrum (Depths:1)
  A phantom (D:6)
  An orc zombie (Vaults:1)
  18 ogres
  An eye of draining (shapeshifter) (Vaults:4)
  2 necrophages
  16 wolves
  5 boggarts (Depths:1)
  19 centaurs
  4 crocodiles
  15 bullfrogs
  A wyvern zombie (D:14)
  A wyvern skeleton (D:8)
  2 scorpions (D:11)
  6 wights
  13 killer bees
  3 human simulacra
  2 howler monkeys (D:10)
  A bullfrog zombie (D:9)
  A crimson imp (D:7)
  2 centaur zombies
  A quasit (D:8)
  7 hounds
  15 orc wizards
  8 orc priests
  2 bullfrog skeletons
  7 jellies
  7 centaur skeletons
  7 iguanas
  10 worker ants
  A hound skeleton (D:4)
  A worker ant zombie (D:10)
  8 adders
  3 gnolls (D:3)
  2 shadow imps
  5 oozes (D:8)
  An adder zombie (D:10)
  An adder skeleton (D:4)
  4 worms
  2 leopard geckos (D:10)
  65 orcs
  3 bats
  4 giant cockroaches
  11 goblins
  10 hobgoblins
  8 jackals
  3 quokkas
  2 ball pythons (D:3)
  3 frilled lizards
  3 kobolds
  5 rats
  4 crawling corpses
  A fungus (Lair:4)
  4 plants (D:11)
1215 creatures vanquished.

Vanquished Creatures (collateral kills)
  3 nagarajas (Snake:4)
  A draconian monk (Zot:2)
  Aizul (Shoals:4)
  4 hydras
  8 naga warriors (Snake:4)
  An anaconda (Snake:4)
  A centaur warrior (D:15)
  An alligator snapping turtle (Shoals:4)
  A naga sharpshooter (Snake:4)
  2 naga ritualists (Snake:4)
  A mana viper (Snake:4)
  A manticore (Shoals:4)
  4 black mambas (Snake:4)
  4 naga magi (Snake:4)
  A troll (D:15)
  3 merfolk (Shoals:4)
  A snapping turtle (Shoals:4)
  A hippogriff (Lair:4)
  A meliai zombie (D:12)
  A yak (Lair:3)
  17 nagas (Snake:4)
  2 water moccasins (Lair:4)
  A centaur (D:11)
  A crocodile (Lair:3)
  A killer bee (D:11)
  An orc (D:12)
64 creatures vanquished.

Vanquished Creatures (others)
  A fire giant (Depths:3)
  A ghost moth (shapeshifter) (Vaults:5)
  A necromancer (Vaults:5)
  A boggart (Depths:4)
  A demonic plant (Gauntlet)
  5 plants
10 creatures vanquished.

Grand Total: 1289 creatures vanquished

Notes
Turn   | Place    | Note
-------+----------+-------------------------------------------
     0 | D:1      | Flugkiller the Deep Dwarf Fighter began the quest for the
                  | Orb.
     0 | D:1      | Reached XP level 1. HP: 20/20 MP: 1/1
   379 | D:1      | Reached XP level 2. HP: 22/27 MP: 2/2
   502 | D:2      | Reached skill level 3 in Fighting
   719 | D:2      | Reached XP level 3. HP: 27/34 MP: 2/2
   879 | D:2      | Reached XP level 4. HP: 27/42 MP: 3/3
  1034 | D:3      | Reached XP level 5. HP: 49/50 MP: 3/3
  1072 | D:3      | Reached skill level 4 in Fighting
  1359 | D:4      | Reached XP level 6. HP: 57/57 MP: 2/2
  1451 | D:4      | Noticed a slave
  1451 | D:4      | Noticed a slave
  1451 | D:4      | Noticed a slave
  1456 | D:4      | Noticed Pikel
  1459 | D:4      | Noticed a slave
  1463 | D:4      | Killed a slave
  1479 | D:4      | Killed Pikel
  1479 | D:4      | Reached skill level 5 in Fighting
  1479 | D:4      | Reached skill level 5 in Axes
  1479 | D:4      | Reached skill level 5 in Armour
  1479 | D:4      | Reached skill level 5 in Shields
  1479 | D:4      | Reached XP level 7. HP: 67/67 MP: 3/3
  1651 | D:4      | Found Fupez's Book Shoppe.
  1872 | D:5      | Entered Level 5 of the Dungeon
  1915 | D:5      | Found Xieh's General Store.
  1923 | D:5      | Bought 2 scrolls of fear for 91 gold pieces
  1974 | D:5      | Found a staircase to the Ecumenical Temple.
  1983 | Temple   | Entered the Ecumenical Temple
  1991 | Temple   | Became a worshipper of Makhleb the Destroyer
  2555 | D:6      | Reached skill level 1 in Invocations
  2555 | D:6      | Reached XP level 8. HP: 60/75 MP: 4/4
  2815 | D:6      | Reached skill level 6 in Fighting
  2893 | D:7      | Found a runed translucent gate.
  2893 | D:7      | Found a runed translucent gate.
  2893 | D:7      | Found a runed translucent gate.
  2900 | D:7      | Noticed HoaS's ghost (novice MiGl)
  2976 | D:7      | Noticed a hippogriff
  2984 | D:7      | Killed a hippogriff
  3108 | D:7      | Found a shadowy altar of Dithmenos.
  3202 | D:7      | Gained mutation: You passively map the area around you.
                  | [Deep Dwarf growth]
  3202 | D:7      | Reached XP level 9. HP: 43/85 MP: 7/7
  3448 | D:7      | Found Kaogaaba's General Store.
  3461 | D:7      | Bought a potion of cancellation for 112 gold pieces
  3461 | D:7      | Bought 2 scrolls of blinking for 210 gold pieces
  4343 | D:8      | Reached skill level 7 in Fighting
  4354 | D:8      | Noticed Prince Ribbit
  4371 | D:8      | Killed Prince Ribbit
  4428 | D:8      | Noticed a two-headed ogre
  4442 | D:8      | Killed a two-headed ogre
  4442 | D:8      | Reached skill level 5 in Invocations
  4507 | D:8      | Noticed Psyche
  4550 | D:8      | Killed Psyche
  4550 | D:8      | Reached * piety under Makhleb
  4674 | D:8      | Reached XP level 10. HP: 59/96 MP: 8/8
  5008 | D:9      | Reached skill level 8 in Fighting
  5329 | D:9      | Noticed a two-headed ogre
  5343 | D:9      | Killed a two-headed ogre
  5457 | D:9      | Found Adauhika's Weapon Shoppe.
  5548 | D:9      | Reached ** piety under Makhleb
  5568 | D:9      | Reached skill level 10 in Axes
  5714 | D:10     | Entered Level 10 of the Dungeon
  6283 | D:11     | Noticed a gargoyle
  6292 | D:11     | Killed a gargoyle
  6292 | D:11     | Reached skill level 9 in Fighting
  6321 | D:11     | Noticed an oklob plant
  6321 | D:11     | Noticed an oklob plant
  6323 | D:11     | Found a staircase to the Lair.
  6388 | D:11     | Noticed a red ugly thing
  6398 | D:11     | Killed a red ugly thing
  6398 | D:11     | Reached XP level 11. HP: 85/106 MP: 10/10
  6450 | D:11     | Noticed Sonja
  6456 | D:11     | Killed Sonja
  6458 | D:11     | Reached *** piety under Makhleb
  6588 | D:11     | Noticed a cyan ugly thing
  6600 | D:11     | Noticed a seven-headed hydra
  6601 | D:11     | Killed a cyan ugly thing
  6618 | D:11     | Killed a nine-headed hydra
  6630 | D:11     | Noticed Harold
  6642 | D:11     | Killed Harold
  6874 | Lair:1   | Entered Level 1 of the Lair of Beasts
  7155 | Lair:1   | Noticed Grum
  7166 | Lair:1   | Killed Grum
  7205 | Lair:1   | Reached **** piety under Makhleb
  7331 | Lair:1   | Reached skill level 10 in Fighting
  8056 | Lair:2   | Reached XP level 12. HP: 92/116 MP: 12/12
  8365 | Lair:2   | Found a staircase to the Snake Pit.
  9103 | Lair:3   | Noticed a four-headed hydra
  9113 | Lair:3   | Killed a four-headed hydra
  9796 | Lair:4   | Found a staircase to the Shoals.
  9911 | Lair:4   | Noticed a seven-headed hydra
  9920 | Lair:4   | Killed a 12-headed hydra
  9952 | Lair:4   | Noticed a seven-headed hydra
  9959 | Lair:4   | Killed an eight-headed hydra
 10087 | Lair:4   | Reached skill level 11 in Fighting
 10901 | D:12     | Noticed a deep troll earth mage
 10907 | D:12     | Noticed a fire giant
 10908 | D:12     | Noticed a two-headed ogre
 10908 | D:12     | Noticed a two-headed ogre
 10916 | D:12     | Killed a deep troll earth mage
 10922 | D:12     | Killed a two-headed ogre
 10922 | D:12     | Reached skill level 10 in Invocations
 10935 | D:12     | Killed a fire giant
 10935 | D:12     | Reached skill level 10 in Armour
 10940 | D:12     | Killed a two-headed ogre
 10940 | D:12     | Reached XP level 13. HP: 84/127 MP: 13/13
 10966 | D:12     | Noticed a fire dragon
 10972 | D:12     | Found a portal to a secret trove of treasure.
 10981 | D:12     | Found a staircase to the Orcish Mines.
 10993 | D:12     | Found a gate leading to a gauntlet.
 11002 | Gauntlet | Entered a Gauntlet
 11002 | Gauntlet | Found a transporter.
 11002 | Gauntlet | Found a transporter.
 11003 | Gauntlet | Found a transporter.
 11005 | Gauntlet | Found a transporter.
 11007 | Gauntlet | Found a transporter.
 11009 | Gauntlet | Found a transporter.
 11011 | Gauntlet | Found a runed translucent door.
 11011 | Gauntlet | Found a runed translucent door.
 11013 | Gauntlet | Found a transporter.
 11015 | Gauntlet | Found a transporter.
 11016 | Gauntlet | Found a transporter.
 11018 | Gauntlet | Found a transporter.
 11026 | Gauntlet | Found a transporter.
 11027 | Gauntlet | Found a transporter.
 11202 | Gauntlet | Reached skill level 10 in Shields
 11357 | Gauntlet | Reached ***** piety under Makhleb
 11391 | Gauntlet | Got a polished helmet
 11402 | Gauntlet | Identified the cursed +0 helmet of Undesirable Species {rC+
                  | rN+ Int-5} (You found it in a Gauntlet)
 11420 | Gauntlet | Identified the +7 hand axe of Itze {drain, +Blink rPois
                  | rN++}
 11420 | Gauntlet | Noticed a minotaur
 11449 | Gauntlet | Killed a minotaur
 11476 | D:12     | Killed a fire dragon
 11632 | D:12     | Identified the +1 leather armour of Kleptomania {rPois
                  | rF+++ MR+ Dex-5}
 12167 | D:13     | Reached skill level 1 in Evocations
 12194 | D:13     | Reached skill level 12 in Fighting
 12631 | D:13     | Reached ****** piety under Makhleb
 13044 | D:14     | Found a frozen archway.
 13054 | IceCv    | Entered an ice cave
 13055 | IceCv    | Found a transporter.
 13089 | IceCv    | Found a transporter.
 13207 | D:14     | Gained mutation: You resist negative energy. (rN+) [Deep
                  | Dwarf growth]
 13207 | D:14     | Reached XP level 14. HP: 139/139 MP: 13/13
 13237 | D:14     | Identified 2 scrolls of acquirement
 13240 | D:14     | Got the ring of Vepeif {*Corrode rElec rC+ EV+4 Slay+5}
 13769 | D:14     | Noticed an ironheart preserver
 13770 | D:14     | Found a gate to the Vaults.
 13779 | D:14     | Killed an ironheart preserver
 14199 | D:15     | Entered Level 15 of the Dungeon
 14225 | D:15     | Reached skill level 5 in Evocations
 14536 | D:15     | Reached skill level 13 in Fighting
 14690 | D:15     | Noticed a fire giant
 15067 | D:15     | Killed a fire giant
 15067 | D:15     | Reached skill level 15 in Axes
 15093 | D:15     | Found a staircase to the Depths.
 15754 | Snake:1  | Entered Level 1 of the Snake Pit
 16022 | Snake:2  | Noticed a nagaraja
 16034 | Snake:2  | Killed a nagaraja
 16166 | Snake:2  | Found a radiant altar of Vehumet.
 16294 | Snake:2  | Reached XP level 15. HP: 126/148 MP: 14/14
 16418 | Snake:3  | Noticed a nagaraja
 16434 | Snake:3  | Killed a nagaraja
 16437 | Snake:3  | Found Gosa's Antique Armour Boutique.
 16446 | Snake:3  | Found Gyqam's Armour Shop.
 16658 | Snake:4  | Entered Level 4 of the Snake Pit
 16954 | Snake:4  | Noticed a nagaraja
 16963 | Snake:4  | Killed a nagaraja
 17128 | Snake:4  | Noticed a nagaraja
 17132 | Snake:4  | Reached skill level 14 in Fighting
 17137 | Snake:4  | Killed a nagaraja
 17140 | Snake:4  | Noticed a nagaraja
 17141 | Snake:4  | Noticed a nagaraja
 17150 | Snake:4  | Killed a nagaraja
 17156 | Snake:4  | Killed a nagaraja
 17176 | Snake:4  | Noticed a nagaraja
 17193 | Snake:4  | Killed a nagaraja
 17207 | Snake:4  | Reached XP level 16. HP: 104/159 MP: 3/16
 17258 | Snake:4  | Got a serpentine rune of Zot
 17608 | Shoals:1 | Entered Level 1 of the Shoals
 17608 | Shoals:1 | Noticed Frances
 17620 | Shoals:1 | Killed Frances
 17830 | Shoals:3 | Found Wicler's Book Boutique.
 17964 | Shoals:4 | Entered Level 4 of the Shoals
 17978 | Shoals:4 | Noticed Aizul
 17992 | Shoals:4 | Killed Aizul
 18762 | Shoals:4 | Reached skill level 15 in Armour
 18795 | Shoals:4 | Reached skill level 15 in Fighting
 18827 | Shoals:4 | Got a barnacled rune of Zot
 19156 | Vaults:1 | Entered Level 1 of the Vaults
 19316 | Vaults:2 | Reached XP level 17. HP: 170/170 MP: 11/11
 19705 | Vaults:3 | Found Gusathon's General Store.
 19716 | Vaults:3 | Bought a scroll of enchant armour for 105 gold pieces
 19716 | Vaults:3 | Bought a potion of might for 56 gold pieces
 19875 | Vaults:5 | Entered Level 5 of the Vaults
 19962 | Vaults:5 | Reached skill level 15 in Invocations
 20142 | Vaults:5 | Identified the +9 hand crossbow "Hunuacro" {elec, rC+}
 20152 | Vaults:5 | Reached skill level 16 in Fighting
 20209 | Vaults:5 | Identified the ring of Geihym {rElec rN+ MP+9 Str+6}
 20212 | Vaults:5 | Gained mutation: You passively map a large area around you.
                  | [Deep Dwarf growth]
 20212 | Vaults:5 | Reached XP level 18. HP: 172/181 MP: 13/13
 20313 | Vaults:5 | Noticed a tentacled monstrosity
 20320 | Vaults:5 | Killed a tentacled monstrosity
 20324 | Vaults:5 | Identified the +1 short sword of Success {flame, +Rage rN+
                  | MR+}
 20372 | Vaults:5 | Identified the Catalogue of Contamination and the Glacier
 20444 | Vaults:5 | Identified the +3 tower shield "Nottut" {rElec MR+ MP+9}
 20444 | Vaults:5 | Noticed Mennas
 20485 | Vaults:5 | Killed Mennas
 20602 | Vaults:5 | Reached skill level 17 in Fighting
 20697 | Vaults:5 | Noticed a tentacled monstrosity
 20705 | Vaults:5 | Killed a tentacled monstrosity
 20736 | Vaults:5 | Noticed a tentacled monstrosity
 20744 | Vaults:5 | Reached skill level 15 in Shields
 20754 | Vaults:5 | Killed a tentacled monstrosity
 20754 | Vaults:5 | Reached XP level 19. HP: 193/193 MP: 15/15
 20757 | Vaults:5 | Identified the +2 plate armour of Igutoal {rF+ rN++ Dex-4}
 20757 | Vaults:5 | Identified the amulet of Oggugivu {Spirit Stlth+}
 20804 | Vaults:5 | Got a silver rune of Zot
 21304 | Vaults:5 | Noticed Frederick
 21317 | Vaults:5 | Killed Frederick
 21317 | Vaults:5 | Reached skill level 18 in Fighting
 22021 | Depths:1 | Entered Level 1 of the Depths
 22262 | Depths:1 | Found a gateway to Hell.
 22374 | Depths:1 | Reached skill level 19 in Fighting
 22377 | Depths:1 | Reached XP level 20. HP: 208/208 MP: 16/16
 22629 | Depths:3 | Found a one-way gate to the infinite horrors of the Abyss.
 22724 | Depths:4 | Reached skill level 20 in Fighting
 22945 | Depths:5 | Entered Level 5 of the Depths
 22945 | Depths:5 | Found a one-way gate leading to the halls of Pandemonium.
 23009 | Depths:5 | Reached XP level 21. HP: 201/220 MP: 16/16
 23100 | Depths:5 | Noticed a golden dragon
 23113 | Depths:5 | Killed a golden dragon
 23124 | Depths:5 | Found a gate to the Realm of Zot.
 23228 | Depths:5 | Found Mateing's Gadget Shoppe.
 23228 | Depths:5 | Found Dyurhesu's Jewellery Boutique.
 23239 | Depths:5 | Found Abeschinu's Gadget Shoppe.
 23246 | Depths:5 | Bought an uncursed ring of protection from fire for 475
                  | gold pieces
 23316 | Zot:1    | Entered Level 1 of the Realm of Zot
 23325 | Zot:1    | Reached skill level 21 in Fighting
 23443 | Zot:2    | Noticed a golden dragon
 23449 | Zot:2    | Killed a golden dragon
 23573 | Zot:2    | Noticed a curse toe
 23586 | Zot:2    | Killed a curse toe
 23685 | Zot:2    | Noticed a Killer Klown
 23695 | Zot:2    | Noticed a Killer Klown
 23706 | Zot:2    | Killed a Killer Klown
 23761 | Zot:2    | Killed a Killer Klown
 23792 | Zot:2    | Reached skill level 22 in Fighting
 23814 | Zot:2    | Reached XP level 22. HP: 227/235 MP: 17/17
 23872 | Zot:4    | Noticed a Killer Klown
 23910 | Zot:4    | Noticed a Killer Klown
 23919 | Zot:4    | Killed a Killer Klown
 23929 | Zot:4    | Killed a Killer Klown
 24016 | Zot:4    | Noticed a golden dragon
 24029 | Zot:4    | Killed a golden dragon
 24190 | Zot:5    | Entered Level 5 of the Realm of Zot
 24221 | Zot:5    | Noticed a Killer Klown
 24223 | Zot:5    | Noticed a Killer Klown
 24227 | Zot:5    | Noticed an orb of fire
 24228 | Zot:5    | Noticed a Killer Klown
 24233 | Zot:5    | Noticed an orb of fire
 24234 | Zot:5    | Noticed an orb of fire
 24234 | Zot:5    | Gained mutation: You have large cloven feet. [an orb of
                  | fire]
 24239 | Zot:5    | Noticed an ancient lich
 24240 | Zot:5    | Gained mutation: You occasionally shout uncontrollably at
                  | your foes. [an orb of fire]
 24242 | Zot:5    | Reached skill level 23 in Fighting
 24244 | Zot:5    | Killed an orb of fire
 24245 | Zot:5    | Noticed a Killer Klown
 24248 | Zot:5    | Noticed an orb of fire
 24251 | Zot:5    | Noticed an ancient lich
 24252 | Zot:5    | Got the Orb of Zot
 24259 | Zot:5    | Noticed an ancient lich
 24261 | Zot:5    | Noticed an ancient lich
 24274 | Zot:5    | Gained mutation: Scrolls take you a little longer to read.
                  | [mutagenic glow]
 24334 | Zot:4    | Gained mutation: You are weak. (Str -2) [mutagenic glow]
 24385 | Zot:2    | Gained mutation: Your body sometimes deteriorates upon
                  | taking damage. [mutagenic glow]
 24494 | Zot:1    | Noticed Oxibisuxte the pandemonium lord
 24494 | Zot:1    | Noticed an ancient lich
 24506 | Depths:5 | Killed an ancient lich
 24594 | Depths:3 | Lost intelligence.
 24595 | Depths:3 | Gained mutation: Armour fits poorly on your strangely
                  | shaped body. [a neqoxec]
 24596 | Depths:3 | Gained mutation: Your spells are a little easier to cast,
                  | but a little less powerful. [a neqoxec]
 24694 | D:15     | Reached XP level 23. HP: 221/248 MP: 10/10
 24731 | D:15     | Killed from afar by a Brimstone Fiend

Illustrated notes

Levels and vault maps discovered:
D:1:      ebering_trefoil_twist, layout_loops_corners
D:2:      cheibrodos_greedy_goblins, layout_rooms, minmay_misc_feat_room
D:3:      layout_rooms, first_ration
D:4:      layout_cave_pools, serial_shops, nicolae_shop_stone, uniq_pikel
D:5:      layout_gridville, minmay_temple_entry_mini_moons, serial_shops, shop
D:6:      layout_rooms
D:7:      layout_layer_cave, grunt_dithmenos_smoke_and_mirrors, serial_shops,
          shop, gammafunk_ghost_necromancy
D:8:      layout_basic, hangedman_little_slice_of_home, uniq_psyche,
          uniq_prince_ribbit1
D:9:      layout_small_grid, serial_shops, shop, ebering_dispersal_statue_hall
D:10:     layout_cave_pools
D:11:     layout_basic, dpeg_oklobed_lair, uniq_sonja, uniq_harold
D:12:     minmay_strange_plus, layout_basic, david_orc_3,
          gauntlet_entry_generic, enter_trove_1
D:13:     layout_big_octagon
D:14:     layout_stronghold, skrybe_vaults_entry_preservation,
          portal_ice_cave_entry_pillars_1, elves_outpost_lemuel
D:15:     grunt_enter_depths_giant_problem, layout_layer_cave,
          grunt_decor_fettered
Temple:   dpeg_three_leaves_temple
Lair:1:   layout_layer_cave, uniq_grum
Lair:2:   layout_layer_cave, guppyfry_snake_entry_island
Lair:3:   layout_regular_city, grunt_megastairs_2, serial_bayou_shore_b,
          minmay_lair_oklob_chamber
Lair:4:   layout_cellular_growth, elwin_shoals_entry_rocks
Shoals:1: layout_shoals, uniq_frances
Shoals:2: layout_shoals
Shoals:3: layout_shoals, serial_shops, nicolae_shop_window_shopping
Shoals:4: shoals_end_grunt_ice, layout_shoals, nicolae_shoals_wave_tunnel,
          uniq_aizul
Snake:1:  layout_cave_shapes
Snake:2:  layout_chambers, special_room, basic_altar
Snake:3:  layout_cave_shapes, st_stairs_12, drop_trap, minmay_shoptagon,
          uniq_asterion
Snake:4:  minmay_snake_end_coiled, layout_cave_town
Vaults:1: hangedman_vaults_hat, ontoclasm_vaults_spin, serial_ice_g, v_misc_4,
          hangedman_vaults_stream, nicolae_vaults_little_squares_1,
          nicolae_vaults_asterisk, nicolae_vaults_specimen_jars, v_misc_9,
          vaults_dpeg_hooks, v_misc_19, vaults_dpeg_ring,
          layout_vaults_omnigrid, uniq_saint_roka
Vaults:2: v_misc_27, minmay_crypt_entry_necro_gods, v_rooms_6,
          nicolae_vaults_inception_corners,
          vaults_standard_mumra_enter_the_diamond, vaults_mumra_chevron,
          hangedman_vaults_corner, vaults_room_grunt_arrival_checkpoint,
          vaults_room_glass_cross, nicolae_vaults_little_squares_3,
          nicolae_vaults_shelves_hall, nicolae_vaults_angled_halls,
          hangedman_vaults_stretched_pinwheel, nicolae_vaults_asterisk,
          layout_vaults_omnibox, uniq_mara
Vaults:3: ebering_vaults_ghost_gozag, nicolae_vaults_angled_halls,
          ontoclasm_vaults_tryst, v_misc_5, kennysheep_vaults_gozag_temple,
          nicolae_vaults_puzzle_piece, v_pattern_4, ontoclasm_vaults_eye,
          v_misc_12, nicolae_vaults_theta, dpeg_vaults_monster_box,
          vaults_dpeg_diagonal, layout_vaults_omnicross, serial_shops,
          nicolae_shop_waterfront
Vaults:4: ontoclasm_vaults_gateway, nicolae_vaults_murderbox,
          hangedman_vaults_pinch, vaults_room_door_hall,
          nicolae_vaults_big_angled_halls, ontoclasm_vaults_misaligned,
          ontoclasm_vaults_pinch, v_misc_17, grunt_vaults_funnel,
          nicolae_vaults_little_squares_4, vaults_standard_mumra_lines,
          nicolae_vaults_sealed_display, ontoclasm_vaults_shuriken,
          ontoclasm_vaults_loading_screen, layout_vaults_ring, serial_shops,
          shop, uniq_margery
Vaults:5: serial_shops, uniq_frederick, uniq_mennas
Depths:1: layout_cave_pools, enter_ziggurat_b, abyss_entry_small_statue_room,
          serial_bayou_pond_d, lightli_too_deep, minivault_15,
          hangedman_abyss_or_decor_passed, nemelex_diamond_rough_becter
Depths:2: minmay_the_grid_triangle_9x9_rhombus_full
          [minmay_the_grid_triangle_9x9_stretched_checkered,
          minmay_the_grid_triangle_9x9_zippers_horizontal,
          minmay_the_grid_triangle_9x9_minimal,
          minmay_the_grid_triangle_9x9_cache,
          minmay_the_grid_triangle_9x9_flanged_cone,
          minmay_the_grid_triangle_9x9_limited_checkers,
          minmay_the_grid_triangle_9x9_dagger,
          minmay_the_grid_triangle_9x9_prize_center], layout_cave_shapes,
          minmay_misc_feat_columns, hell_entry, minmay_shop_star
Depths:3: minmay_mutant_horseshoe, layout_cave_pools, abyss_entry,
          pf_vacation_house_of_asmodeus, pan_entry, nicolae_lava_and_water,
          st_stairs_5
Depths:4: minmay_ornate_pinched, layout_basic, minmay_room_of_horrors,
          kennysheep_another_room, hell_entry, serial_bayou_pond_c,
          minmay_statues_item, drop_trap, uniq_xtahua
Depths:5: evilmike_zot_entry_gauntlet, layout_basic, hell_entry,
          nicolae_twisting_strands, pan_entry, minmay_misc_feat_square,
          minmay_shop_grove
Zot:1:    layout_gridlike, gammafunk_ghost_crypt, st_stairs_10,
          hangedman_zot_decor_checkerboard
Zot:2:    grunt_zot_stairs_faceoff, layout_twisted_circle
Zot:3:    layout_gridlike, st_stairs_9
Zot:4:    lemuel_draconian_sentries, layout_basic, hangedman_snake_sidewinding
Zot:5:    layout_misc_corridors

Skill      XL: |  1  2  3  4  5  6  7  8  9 10 11 12 13 14 15 16 17 18 19 20 21 22 |
---------------+-------------------------------------------------------------------+-----
Fighting       | 3 4 5 6 7 9 10 11 12 13 14 15 16 17 19 20 22 23 | 23.4
Axes           | 3 4 5 6 7 9 10 11 13 14 15 16 17 18 | 18.0
Armour         | 4 5 6 7 8 9 10 11 12 14 15 16 17 19 20 21 22 | 22.3
Shields        | 4 5 6 7 9 10 11 12 13 14 15 | 15.0
Invocations    | 1 3 5 7 8 10 11 12 13 14 15 16 17 | 17.0
Evocations     | 3 6 |  6.0

Action                   |  1- 3 |  4- 6 |  7- 9 | 10-12 | 13-15 | 16-18 | 19-21 | 22-24 || total
-------------------------+-------+-------+-------+-------+-------+-------+-------+-------++-------
Melee: War axe           |   140 |   153 |   217 |   579 |   344 |       |       |       ||  1433
       Broad axe         |       |       |       |       |   541 |  1044 |  1159 |   344 ||  3088
Throw: Throwing net      |       |       |       |       |       |     1 |       |       ||     1
Invok: Lesser Servant of |       |       |       |     6 |     8 |     2 |       |     1 ||    17
       Greater Servant o |       |       |       |       |     6 |     3 |     1 |       ||    10
 Abil: Heal Wounds       |     1 |    12 |     8 |    14 |    25 |    19 |     5 |    30 ||   114
Evoke: Wand              |       |     2 |     2 |     5 |     9 |     3 |       |     9 ||    30
       Tin of tremorston |       |       |       |       |       |     6 |       |     3 ||     9
  Use: Potion            |       |     1 |       |       |     1 |     6 |       |     7 ||    15
       Scroll            |       |     2 |    11 |     5 |    20 |     4 |     1 |     7 ||    50
 Stab: Paralysed         |       |       |       |     2 |       |       |       |       ||     2
       Distracted        |       |       |       |       |     2 |     4 |     1 |       ||     7
  Eat: Chunk             |       |     3 |     7 |    15 |    16 |     6 |    10 |       ||    57
       Ration            |       |       |     1 |     2 |     2 |     3 |       |     2 ||    10
Armor: Scale mail        |    79 |   124 |    49 |       |       |       |       |       ||   252
       Plate armour      |       |       |    22 |   326 |   709 |   560 |   562 |   183 ||  2362
Dodge: Dodged            |    43 |    59 |    49 |   157 |   338 |   254 |   262 |   103 ||  1265
Block: Kite shield       |    88 |    95 |   118 |   417 |   756 |   360 |       |       ||  1834
       Tower shield      |       |       |       |       |       |   399 |  1247 |   439 ||  2085
